Map: Dzika dżungla

Players

Retsech

  • Race: Terran Terran
  • Spawn Location: 1:00

Gracz

  • Race: Terran Terran
  • Spawn Location: 12:00

SI 2 (Średnio trudna) - Winner!

  • Race: Zerg Zerg
  • Spawn Location: 7:00

SI 3 (Średnio trudna) - Winner!

  • Race: Zerg Zerg
  • Spawn Location: 6:00

VOD

Have the link to the VOD?

Description

Time

  • Played on: Feb. 19, 2016, 9:06 p.m.
  • Length: 54:00
Show
View Real Time Build Order
Export as new Build Order

Retsech Terran 

Build Orders: MMM Bio 

Get SALT Encoding   

  12  0:11  SCV  
  13  0:23  SCV  
  15  0:35  SCV  
  15  0:39  Supply Depot  
  15  1:00  SCV  
  16  1:04  Barracks  
  16  1:05  Refinery x2  
  16  1:12  SCV  
  16  1:14  Supply Depot  
  17  1:24  SCV  
  18  1:36  SCV  
  19  1:49  SCV  
  19  1:53  Bunker  
  20  2:01  SCV  
  21  2:03  Engineering Bay  
  21  2:10  Marine  
  21  2:13  SCV  
  23  2:25  SCV  
  23  2:28  Marine  
  23  2:29  Neosteel Frame  
  25  2:42  Orbital Command  
  25  2:46  Marine  
  26  3:04  Barracks, Marine  
  27  3:20  Missile Turret  
  27  3:21  Marine  
  28  3:43  Factory, Missile Turret  
  28  3:45  Factory  
  28  3:48  Building Armor  
  28  4:02  Supply Depot  
  28  4:04  Supply Depot  
  28  4:10  Barracks Tech Lab  
  28  4:11  Barracks Tech Lab  
  28  4:29  Factory Tech Lab x2  
  28  4:33  Marine x2  
  30  4:43  Combat Shields  
  30  4:44  Stimpack  
  30  4:51  Marine x2  
  32  5:02  Supply Depot  
  32  5:05  Siege Tank  
  35  5:10  Siege Tank  
  38  5:24  Supply Depot  
  38  5:28  Hi-Sec Auto Tracking  
  38  6:01  Concussive Shells  
  38  6:08  Sensor Tower  
  38  6:25  Terran Infantry Weapons Level 1  
  38  6:28  Siege Tank  
  41  7:25  Command Center  
  41  8:18  Command Center  
  41  8:19  Terran Infantry Armor Level 1  
  41  8:37  Planetary Fortress  
  40  9:31  Starport  
  40  10:08  Starport  
  40  10:28  Starport Tech Lab  
  40  10:45  Starport  
  40  10:50  Orbital Command  
  40  11:16  Missile Turret  
  40  11:17  Missile Turret  
  40  11:18  Missile Turret x2  
  40  11:20  Missile Turret x2  
  40  11:22  Missile Turret  
  40  11:23  Missile Turret x2  
  40  11:24  Missile Turret  
  40  11:36  Missile Turret  
  40  12:11  Starport Tech Lab  
  40  12:12  Starport Tech Lab  
  40  12:51  Fusion Core  
  38  13:53  Behemoth Reactor  
  38  13:54  Battlecruiser x3  
  55  14:12  Orbital Command  
  55  14:49  Weapon Refit  
  55  14:55  Orbital Command  
  61  15:20  Battlecruiser  
  61  16:17  Refinery  
  61  16:19  Refinery  
  61  18:08  Battlecruiser x2  
  73  19:17  Battlecruiser  
Show
View Real Time Build Order
Export as new Build Order

Gracz Terran 

Build Orders:  

Get SALT Encoding   

  12  0:15  Supply Depot  
  12  0:18  Refinery  
  12  0:44  Barracks, SCV  
  13  0:56  SCV  
  14  1:09  SCV  
  15  1:24  Engineering Bay  
  15  1:35  Supply Depot  
  15  1:56  Bunker  
  15  2:04  Supply Depot  
  15  2:05  SCV  
  16  2:12  Barracks, Barracks Reactor  
  16  2:17  SCV  
  16  2:19  Refinery  
  17  2:33  SCV  
  18  2:45  SCV  
  18  2:50  Neosteel Frame  
  19  2:54  Marine x2  
  21  3:15  Marine x2  
  23  3:22  Factory  
  23  3:39  Marine x2  
  25  4:16  Barracks Tech Lab  
  25  4:19  Factory Tech Lab  
  25  4:30  Factory  
  25  4:34  Starport  
  25  4:46  Siege Tank  
  28  4:56  Marine x2  
  28  4:58  Marauder  
  32  5:00  Combat Shields  
  32  5:22  Starport  
  32  5:30  Fusion Core  
  32  5:48  Sensor Tower  
  32  6:04  Orbital Command  
  32  6:14  Starport Tech Lab  
  32  6:15  Starport Tech Lab  
  32  6:28  Starport  
  32  6:49  Starport  
  32  7:09  Starport Reactor  
  32  7:55  Medivac  
  40  8:14  Battlecruiser  
  40  8:37  Bunker  
  40  8:49  Supply Depot  
  40  8:58  Bunker  
  40  9:17  Supply Depot  
  40  9:19  Supply Depot  
  40  9:21  Supply Depot  
  40  9:27  Command Center  
  40  9:48  Sensor Tower  
  40  9:51  Refinery  
  40  9:55  Refinery  
  33  10:37  Bunker  
  33  10:42  Marine x2  
  35  10:46  Marine  
  35  10:49  Starport Tech Lab  
  36  10:51  Battlecruiser  
  42  10:59  Marine  
  42  11:00  Marine  
  50  11:19  Battlecruiser  
  50  11:20  Sensor Tower  
  50  11:25  SCV  
  49  11:54  Supply Depot  
  49  12:13  Marine  
  50  12:41  SCV  
  51  12:50  Medivac x2  
  55  12:53  SCV  
  56  13:01  Marine  
  56  13:05  SCV  
  51  14:10  SCV  
  51  14:13  SCV  
  53  14:22  SCV  
  54  14:25  SCV  
  55  14:32  Battlecruiser  
  55  14:34  SCV  
  55  14:37  SCV  
  63  14:44  Battlecruiser  
  69  14:46  SCV  
  69  14:49  SCV  
  66  14:58  SCV  
  67  15:01  SCV  
  68  15:35  Battlecruiser  
  80  15:43  Battlecruiser  
  80  15:45  Medivac  
  80  15:46  Medivac  
  90  16:36  Battlecruiser  
  90  16:49  Battlecruiser  
  96  16:56  SCV  
  97  17:09  SCV  
  96  17:28  Battlecruiser  
  102  18:03  Battlecruiser  
  108  18:21  Medivac  
  106  19:17  Battlecruiser  
  112  19:44  Battlecruiser  
  118  19:47  Weapon Refit  
  118  20:49  Orbital Command  
  118  20:57  Refinery  
  118  21:02  Refinery  
  74  25:58  Supply Depot  
  74  25:59  Supply Depot  
  74  26:00  Supply Depot  
  74  26:19  Battlecruiser x2  
  74  26:20  Supply Depot  
  74  26:21  Battlecruiser, Supply Depot  
  74  26:23  Supply Depot  
  92  26:44  Supply Depot  
  92  26:47  Supply Depot x2  
  92  27:24  Battlecruiser  
  101  27:46  Battlecruiser  
  101  28:28  Battlecruiser  
  107  29:26  Battlecruiser  
  107  29:27  Battlecruiser  
  119  29:32  Battlecruiser  
  113  30:32  Battlecruiser  
  119  30:36  Battlecruiser  
  125  31:36  Battlecruiser  
  131  32:18  Battlecruiser  
  137  32:40  Battlecruiser  
  149  32:51  Supply Depot  
  149  32:57  Supply Depot  
  149  32:59  Supply Depot  
  149  33:04  Battlecruiser  
  149  33:22  Battlecruiser  
  161  34:06  Battlecruiser  
  161  34:08  Battlecruiser  
  146  34:25  Command Center  
  143  35:14  Refinery x2  
  137  37:03  Battlecruiser  
  143  37:09  Battlecruiser x2  
  155  37:43  Orbital Command  
  74  43:08  Orbital Command  
  74  43:34  SCV  
  75  43:46  SCV  
  70  43:58  SCV  
  66  44:32  SCV  
  66  44:44  SCV  
  67  44:59  Marine x2  
  69  45:06  Barracks  
  69  45:10  Barracks  
  69  45:17  Marine x2  
  63  46:10  Orbital Command  
  63  46:14  Barracks, Barracks Reactor  
  61  46:50  Orbital Command  
  61  47:23  Supply Depot  
  61  48:05  Command Center  
  55  50:15  Supply Depot  
  49  51:43  Supply Depot  
  49  52:05  SCV  
  50  52:17  SCV  
  52  52:38  Marine  
  52  52:40  Hellion  
  52  52:43  Supply Depot  
  55  52:46  Supply Depot  
  55  52:51  SCV  
  55  53:04  SCV  
  55  53:05  Hellion  
  58  53:17  SCV  
Show
View Real Time Build Order
Export as new Build Order

SI 2 (Średnio trudna) Zerg - Winner!

Build Orders: Pool First 

Get SALT Encoding   

  12  0:01  Drone  
  13  0:12  Overlord  
  13  0:16  Drone  
  14  0:30  Drone  
  14  0:33  Drone  
  16  0:42  Spawning Pool  
  15  0:44  Drone  
  15  0:49  Drone  
  17  0:52  Extractor  
  17  0:55  Drone  
  17  1:05  Overlord  
  17  1:30  Queen  
  17  1:31  Zergling x2  
  20  1:37  Roach Warren  
  20  1:38  Extractor, Drone  
  19  1:41  Zergling x2  
  20  1:49  Drone  
  21  1:59  Drone  
  22  2:10  Overlord  
  22  2:21  Roach  
  24  2:32  Roach  
  24  2:37  Overlord  
  26  2:42  Roach  
  28  2:47  Drone  
  28  2:51  Drone  
  30  2:54  Roach  
  32  3:05  Baneling Nest, Drone  
  33  3:09  Roach, Drone  
  33  3:11  Drone  
  36  3:17  Drone  
  37  3:27  Evolution Chamber  
  37  3:28  Roach  
  38  3:38  Drone  
  39  3:42  Overlord, Drone  
  40  4:11  Zergling x2  
  40  5:10  Lair, Overlord, Drone  
  40  5:12  Spore Crawler  
  40  5:13  Drone  
  41  5:14  Spore Crawler  
  41  5:16  Drone  
  41  5:19  Drone  
  42  5:25  Hatchery  
  41  5:48  Spine Crawler  
  41  5:49  Drone  
  41  5:52  Zergling x2  
  28  6:04  Roach  
  28  6:07  Overseer, Queen  
  28  6:08  Overseer  
  28  6:09  Hydralisk Den, Drone  
  32  6:12  Spire, Drone  
  32  6:15  Drone, Infestation Pit  
  32  6:16  Roach  
  34  6:29  Roach  
  36  6:33  Spine Crawler  
  36  6:38  Drone  
  36  6:41  Roach, Evolution Chamber, Drone  
  38  6:49  Drone  
  38  6:53  Roach  
  41  6:54  Drone  
  41  6:58  Drone  
  41  7:01  Drone  
  44  7:04  Hydralisk, Drone  
  44  7:07  Drone  
  48  7:09  Drone  
  48  7:14  Drone  
  50  7:16  Drone  
  50  7:21  Hydralisk  
  50  7:22  Drone, Spore Crawler  
  53  7:25  Drone  
  53  7:28  Drone  
  55  7:30  Drone, Spore Crawler  
  55  7:36  Drone  
  56  7:37  Hydralisk  
  56  7:44  Queen  
  58  7:46  Overlord  
  58  7:48  Drone  
  58  7:49  Hydralisk  
  63  7:51  Drone  
  63  7:54  Drone  
  63  7:55  Spine Crawler  
  63  7:57  Drone  
  65  8:00  Drone  
  65  8:03  Drone  
  67  8:06  Spine Crawler  
  67  8:08  Drone  
  67  8:54  Extractor  
  66  8:58  Extractor  
  65  9:20  Drone  
  65  9:23  Drone, Pneumatized Carapace  
  67  9:24  Overseer  
  67  9:25  Roach, Overlord x2  
  67  9:26  Zerg Melee Weapons Level 1, Zerg Ground Armor Level 1  
  67  9:27  Burrow, Muscular Augments  
  69  9:31  Roach  
  69  9:37  Hatchery  
  69  9:38  Roach  
  72  9:43  Drone  
  72  9:44  Roach  
  75  9:50  Infestor  
  77  10:01  Hydralisk  
  77  10:07  Hive  
  75  10:08  Hydralisk  
  68  10:15  Hydralisk  
  64  10:21  Overseer  
  64  10:22  Zergling x2  
  64  10:25  Overlord  
  64  10:28  Hydralisk  
  65  10:35  Roach  
  69  10:42  Roach  
  71  10:48  Roach  
  73  10:50  Drone  
  73  10:51  Queen  
  73  10:53  Drone  
  73  10:55  Roach  
  73  10:56  Drone  
  80  10:59  Drone  
  80  11:01  Roach  
  80  11:02  Drone  
  84  11:05  Extractor, Drone  
  84  11:08  Drone, Spore Crawler  
  84  11:10  Spore Crawler  
  84  11:11  Drone  
  84  11:14  Drone  
  84  11:17  Drone  
  86  11:18  Overlord  
  86  11:20  Ultralisk Cavern, Drone, Zerg Missile Weapons Level 1  
  86  11:21  Greater Spire  
  86  11:23  Drone  
  87  11:25  Drone  
  87  11:28  Drone  
  87  11:31  Drone  
  90  11:34  Drone  
  90  11:36  Spine Crawler  
  90  11:37  Drone  
  90  11:39  Spine Crawler  
  90  11:40  Drone  
  91  12:06  Extractor  
  91  12:07  Drone  
  91  12:34  Spire  
  91  12:35  Drone  
  91  13:09  Infestor  
  91  13:10  Zerg Melee Weapons Level 2  
  91  13:11  Overlord  
  93  13:13  Zerg Flyer Weapons Level 1, Roach  
  93  13:14  Zerg Ground Armor Level 2  
  93  13:17  Roach  
  97  13:21  Roach  
  97  13:24  Infestor  
  101  13:27  Infestor  
  101  13:30  Overlord  
  103  13:38  Zergling x2  
  101  13:44  Roach  
  101  13:46  Zerg Flyer Armor Level 1  
  99  13:48  Roach  
  99  13:52  Roach  
  87  13:56  Roach  
  87  13:57  Overlord  
  87  13:59  Lair  
  87  14:01  Overlord  
  83  14:06  Overseer  
  83  14:19  Overseer  
  83  14:20  Hydralisk, Overlord  
  85  14:25  Roach  
  85  14:28  Hydralisk  
  89  14:38  Roach, Overlord  
  91  14:42  Roach  
  95  14:45  Roach  
  95  14:49  Roach  
  97  14:56  Infestor, Overlord  
  97  14:59  Hydralisk  
  99  15:03  Hydralisk  
  99  15:06  Hatchery  
  102  15:09  Zerg Flyer Weapons Level 2  
  102  15:16  Overlord  
  102  15:26  Zerg Missile Weapons Level 2  
  102  15:30  Zerg Melee Weapons Level 3  
  102  15:41  Zerg Flyer Armor Level 2  
  102  16:19  Drone  
  102  16:20  Queen  
  105  16:31  Corruptor  
  107  16:32  Overlord  
  107  16:37  Spore Crawler  
  107  16:38  Drone  
  107  16:42  Extractor  
  107  16:43  Drone, Corruptor  
  107  16:44  Spore Crawler  
  107  16:46  Drone  
  109  16:47  Extractor  
  109  16:49  Drone  
  109  17:03  Overseer, Overlord  
  109  17:04  Zergling x2  
  99  17:14  Infestor  
  83  17:16  Spine Crawler, Overseer, Drone  
  83  17:19  Spine Crawler  
  83  17:21  Drone, Overlord  
  71  17:24  Infestor  
  73  17:34  Brood Lord, Corruptor  
  77  17:40  Overlord  
  77  17:42  Zerg Ground Armor Level 3  
  77  17:45  Brood Lord, Corruptor  
  77  17:51  Overseer  
  81  18:00  Overlord  
  81  18:07  Zerg Missile Weapons Level 3  
  81  18:14  Corruptor  
  81  18:15  Brood Lord  
  85  18:25  Brood Lord, Corruptor  
  89  18:54  Corruptor  
  89  18:55  Brood Lord, Overlord  
  93  20:21  Hatchery  
  93  20:27  Roach  
  94  20:28  Viper  
  94  20:29  Overlord  
  94  20:34  Hydralisk  
  99  20:42  Roach  
  101  20:48  Overlord  
  101  20:49  Roach  
  103  20:56  Hydralisk  
  105  21:03  Ultralisk  
  111  21:08  Overlord  
  111  21:11  Roach  
  113  21:18  Roach  
  113  21:23  Viper  
  106  21:26  Roach  
  106  21:27  Overlord  
  106  21:32  Hydralisk  
  96  21:36  Queen, Drone  
  96  21:39  Hydralisk  
  97  21:42  Overseer  
  98  21:47  Ultralisk, Overlord  
  104  21:55  Ultralisk  
  104  21:57  Extractor  
  104  21:59  Drone, Spore Crawler  
  105  22:01  Corruptor  
  105  22:02  Drone  
  105  22:06  Overlord  
  106  22:09  Infestor, Drone, Spore Crawler  
  106  22:10  Extractor  
  106  22:12  Drone  
  106  22:16  Infestor  
  104  22:23  Zergling x2  
  105  22:30  Hydralisk  
  105  22:34  Spine Crawler  
  105  22:35  Drone  
  107  22:37  Spine Crawler  
  107  22:38  Roach, Drone  
  109  22:45  Roach  
  109  22:49  Queen  
  111  22:53  Roach  
  111  22:56  Overseer, Overlord  
  109  22:59  Hydralisk  
  111  23:07  Hydralisk  
  111  23:09  Viper  
  107  23:14  Infestor  
  107  23:15  Overlord  
  107  23:17  Queen  
  103  23:20  Queen  
  103  23:21  Hydralisk  
  101  23:30  Ultralisk  
  105  23:36  Infestor  
  105  23:38  Viper  
  105  23:41  Queen  
  105  23:43  Hydralisk  
  101  23:51  Ultralisk  
  101  23:53  Viper  
  101  23:54  Overlord  
  100  23:58  Hydralisk  
  100  24:02  Baneling Nest  
  89  24:03  Overseer, Drone  
  89  24:05  Hydralisk  
  90  24:12  Overlord  
  90  24:13  Ultralisk  
  90  24:15  Overseer  
  92  24:20  Hydralisk  
  94  24:26  Evolution Chamber  
  94  24:27  Corruptor  
  90  24:31  Ultralisk  
  90  24:32  Overlord  
  90  24:35  Infestor  
  88  24:51  Overlord  
  86  24:53  Ultralisk  
  83  25:02  Spawning Pool  
  82  25:09  Corruptor  
  82  25:10  Overlord  
  78  25:19  Infestor  
  80  25:28  Corruptor  
  80  25:49  Queen  
  82  25:52  Zergling x2  
  83  26:03  Roach Warren, Corruptor  
  83  26:04  Brood Lord  
  86  26:13  Brood Lord, Corruptor  
  90  26:37  Brood Lord, Corruptor  
  94  26:47  Brood Lord, Corruptor  
  98  27:13  Hatchery  
  97  27:56  Corruptor  
  95  28:05  Corruptor  
  97  28:26  Drone  
  98  28:27  Queen  
  98  28:29  Drone  
  98  28:32  Drone  
  98  28:33  Roach  
  104  28:35  Overlord  
  104  28:37  Roach  
  104  28:41  Roach  
  108  28:44  Roach  
  108  28:47  Hydralisk  
  112  28:52  Roach  
  112  28:54  Overlord  
  116  28:55  Roach  
  116  28:59  Roach  
  118  29:03  Roach  
  118  29:06  Hydralisk  
  118  29:09  Hydralisk  
  122  29:12  Overlord  
  122  29:14  Roach  
  126  29:18  Roach  
  126  29:21  Roach  
  128  29:25  Roach  
  128  29:29  Roach  
  128  29:31  Overlord, Drone  
  126  29:33  Roach  
  126  29:34  Drone  
  126  29:36  Roach  
  127  29:38  Drone  
  127  29:40  Roach  
  127  29:41  Drone  
  127  29:43  Hydralisk  
  127  29:45  Drone  
  130  29:47  Hydralisk  
  130  29:48  Drone  
  130  29:50  Overlord, Drone  
  130  29:51  Hydralisk  
  135  29:53  Drone  
  135  29:56  Drone  
  135  29:58  Spine Crawler  
  133  30:07  Spore Crawler  
  131  30:15  Extractor  
  130  30:32  Hatchery  
  130  30:34  Extractor  
  128  30:36  Spore Crawler  
  128  30:37  Drone  
  128  30:40  Drone  
  129  30:43  Drone  
  130  30:55  Extractor  
  129  31:01  Drone  
  130  31:04  Drone  
  130  31:07  Drone  
  132  31:13  Extractor  
  132  31:17  Spine Crawler  
  130  31:19  Drone  
  130  31:20  Spine Crawler  
  130  31:22  Drone  
  131  31:26  Drone  
  131  31:29  Drone, Hatchery  
  131  31:32  Drone  
  133  31:35  Drone  
  133  31:38  Drone  
  127  31:41  Drone  
  127  31:43  Drone  
  127  31:45  Zergling x2, Queen  
  121  31:51  Infestor  
  107  31:54  Overseer  
  107  31:55  Overseer  
  107  32:00  Infestor, Drone  
  109  32:05  Hive  
  109  32:06  Drone  
  107  32:09  Drone  
  107  32:12  Drone  
  109  32:19  Spore Crawler  
  109  32:21  Drone  
  107  32:24  Drone  
  107  32:27  Drone  
  109  32:32  Drone  
  109  32:35  Drone  
  107  32:38  Drone  
  107  32:43  Drone  
  109  32:46  Drone  
  109  32:50  Drone  
  111  32:53  Drone, Hatchery  
  111  32:56  Drone  
  112  32:59  Drone  
  112  33:02  Drone  
  112  33:05  Overlord, Drone  
  115  33:08  Drone  
  115  33:11  Drone  
  117  33:14  Extractor  
  117  33:16  Viper, Drone  
  117  33:19  Viper  
  123  33:21  Brood Lord, Corruptor  
  123  33:25  Hatchery  
  123  33:26  Drone  
  127  34:02  Extractor  
  126  34:04  Drone  
  127  34:29  Brood Lord, Corruptor  
  131  34:32  Hatchery  
  131  34:35  Drone  
  131  34:45  Extractor  
  130  34:46  Drone  
  131  35:03  Overseer, Overlord  
  131  35:09  Extractor  
  131  35:11  Drone  
  131  35:18  Brood Lord, Corruptor  
  133  35:37  Spine Crawler  
  133  35:39  Drone  
  133  36:11  Hatchery  
  133  36:12  Drone  
  133  36:14  Hydralisk  
  133  36:18  Corruptor  
  133  36:19  Overlord  
  133  36:34  Corruptor  
  133  36:35  Brood Lord  
  91  36:48  Overseer  
  91  36:50  Overseer, Drone, Hatchery  
  91  36:53  Extractor  
  90  36:54  Drone  
  91  37:08  Corruptor  
  91  37:09  Brood Lord  
  95  37:18  Brood Lord, Corruptor  
  99  37:23  Queen  
  99  37:29  Extractor  
  100  37:30  Drone  
  100  37:33  Extractor  
  100  37:34  Drone  
  101  37:42  Spore Crawler  
  101  37:44  Drone  
  101  37:48  Spore Crawler  
  101  37:49  Drone  
  101  38:03  Queen  
  101  38:04  Spine Crawler, Drone  
  103  38:07  Spore Crawler  
  103  38:09  Drone  
  103  38:10  Spore Crawler  
  103  38:12  Drone  
  103  38:23  Drone, Spore Crawler  
  103  38:30  Drone  
  103  38:31  Spine Crawler  
  103  38:32  Drone  
  102  38:35  Drone  
  102  38:38  Spine Crawler, Drone  
  93  38:41  Drone  
  93  38:44  Drone  
  93  38:46  Queen  
  93  38:47  Drone x2  
  95  38:50  Spine Crawler, Drone  
  95  38:53  Drone  
  95  38:55  Spine Crawler  
  95  38:56  Drone  
  95  38:57  Zergling x2  
  95  38:59  Drone  
  95  39:01  Spine Crawler  
  95  39:02  Drone  
  93  39:04  Zergling x2  
  93  39:05  Drone  
  93  39:08  Drone  
  93  39:11  Roach, Drone  
  93  39:12  Drone  
  93  39:14  Drone  
  97  39:18  Mutalisk, Drone  
  97  39:21  Drone  
  101  39:24  Drone  
  101  39:26  Metabolic Boost, Zergling x2  
  101  39:27  Drone, Hatchery  
  101  39:30  Drone  
  104  39:33  Drone  
  104  39:36  Drone  
  106  39:40  Drone  
  106  39:42  Drone  
  108  39:46  Drone  
  108  39:49  Drone  
  108  39:52  Drone  
  110  39:58  Corruptor  
  106  40:03  Mutalisk  
  106  40:06  Zergling x2  
  102  40:08  Zergling x2  
  102  40:11  Mutalisk  
  102  40:12  Overlord  
  102  40:13  Viper  
  101  40:14  Mutalisk  
  101  40:17  Zergling x2  
  101  40:19  Zergling x2  
  102  40:21  Zergling x2  
  102  40:23  Zergling x2  
  102  40:26  Zergling x2  
  94  40:28  Zergling x2  
  94  40:31  Mutalisk, Baneling x2  
  94  40:32  Baneling, Queen  
  94  40:33  Mutalisk  
  99  40:36  Mutalisk  
  99  40:38  Mutalisk  
  99  40:40  Mutalisk  
  103  40:43  Zergling x2  
  103  40:45  Mutalisk  
  103  40:47  Mutalisk  
  108  40:53  Zergling x2, Centrifical Hooks, Baneling  
  108  40:56  Baneling, Queen  
  108  40:57  Zergling x2, Baneling  
  110  41:00  Mutalisk  
  110  41:03  Mutalisk  
  110  41:05  Mutalisk  
  110  41:06  Brood Lord  
  110  41:08  Corruptor  
  112  41:16  Roach, Drone  
  114  41:28  Mutalisk  
  114  41:31  Mutalisk  
  114  41:33  Mutalisk, Extractor  
  114  41:35  Mutalisk, Spore Crawler  
  114  41:36  Extractor  
  114  41:38  Mutalisk  
  111  41:40  Mutalisk  
  111  41:42  Mutalisk  
  111  41:43  Spore Crawler  
  111  41:44  Mutalisk  
  107  41:48  Zergling x2  
  107  41:51  Zergling x2  
  107  41:53  Zergling x2  
  102  41:55  Mutalisk  
  102  41:58  Zergling x2  
  102  42:00  Mutalisk  
  98  42:01  Drone  
  98  42:04  Drone  
  98  42:06  Mutalisk  
  98  42:08  Drone  
  99  42:09  Mutalisk  
  99  42:12  Mutalisk  
  99  42:14  Zergling x2  
  99  42:16  Mutalisk  
  99  42:17  Spine Crawler  
  99  42:19  Drone  
  101  42:24  Roach  
  101  42:30  Zergling x2  
  101  42:32  Zergling x2  
  101  42:35  Zergling x2  
  101  42:37  Mutalisk  
  93  42:39  Mutalisk  
  93  42:42  Mutalisk  
  95  42:45  Mutalisk  
  95  42:47  Mutalisk  
  95  42:50  Spine Crawler  
  98  42:55  Roach  
  100  43:03  Lair  
  100  43:31  Ultralisk  
  106  43:39  Hydralisk  
  108  43:50  Ultralisk  
  112  43:58  Overlord  
  112  44:00  Ultralisk  
  118  44:03  Hive  
  118  44:09  Hydralisk  
  120  44:18  Overlord  
  120  44:19  Ultralisk  
  126  44:28  Ultralisk  
  132  44:37  Overlord  
  132  44:38  Ultralisk  
  135  44:47  Hydralisk  
  137  44:55  Ultralisk  
  137  44:56  Hydralisk, Overlord  
  139  45:06  Hydralisk  
  138  45:23  Hydralisk  
  138  45:34  Ultralisk  
  126  45:43  Ultralisk  
  132  45:53  Ultralisk  
  121  46:52  Overseer  
  109  47:00  Overseer  
  108  47:05  Hatchery  
  107  47:24  Corruptor  
  109  47:34  Infestor  
  110  47:45  Corruptor  
  104  47:55  Infestor  
  104  47:56  Ultralisk  
  100  48:05  Zergling x2  
  88  48:16  Overseer  
  76  48:22  Queen, Overlord, Corruptor  
  76  48:23  Brood Lord  
  82  48:30  Spore Crawler  
  82  48:31  Overseer  
  82  48:33  Spore Crawler  
  74  49:00  Spine Crawler  
  74  49:02  Brood Lord, Corruptor  
  77  49:04  Spine Crawler  
  76  49:14  Overlord  
  74  49:38  Drone  
  68  49:45  Drone x2  
  68  49:48  Spine Crawler  
  59  50:00  Drone  
  59  50:04  Drone  
  59  50:07  Drone  
  60  50:14  Zergling x2  
  53  50:23  Corruptor  
  54  50:33  Corruptor  
  56  50:42  Infestor  
  56  50:49  Overseer  
  58  50:52  Infestor  
  58  50:56  Hatchery  
  59  51:01  Corruptor  
  59  51:02  Brood Lord  
  63  51:13  Ultralisk  
  69  51:23  Hydralisk  
  71  51:29  Hatchery  
  70  51:35  Ultralisk  
  76  51:45  Overlord  
  76  51:46  Ultralisk  
  82  51:56  Hydralisk  
  84  52:07  Ultralisk  
  90  52:17  Hatchery  
  89  53:03  Zergling x2  
  89  53:08  Overlord  
  89  53:11  Ultralisk  
Show
View Real Time Build Order
Export as new Build Order

SI 3 (Średnio trudna) Zerg - Winner!

Build Orders: Pool First 

Get SALT Encoding   

  12  0:01  Drone  
  13  0:12  Overlord  
  13  0:17  Drone  
  14  0:30  Drone  
  14  0:33  Drone  
  16  0:42  Spawning Pool  
  16  0:45  Drone  
  16  0:49  Drone  
  17  0:52  Extractor  
  17  0:55  Drone  
  17  1:05  Overlord  
  17  1:30  Queen  
  17  1:31  Zergling x2  
  20  1:36  Roach Warren  
  20  1:38  Drone  
  20  1:42  Extractor  
  20  1:44  Zergling x2  
  20  1:49  Drone  
  21  1:59  Drone  
  22  2:12  Overlord  
  22  2:21  Roach  
  24  2:34  Roach  
  26  2:37  Overlord  
  26  2:48  Roach  
  28  2:58  Drone  
  29  3:02  Roach  
  29  3:03  Drone  
  32  3:11  Overlord  
  32  3:15  Roach, Drone  
  36  3:20  Drone  
  36  3:26  Drone  
  37  3:37  Roach, Baneling Nest  
  37  3:41  Evolution Chamber, Drone  
  38  3:44  Drone  
  38  3:47  Drone  
  40  3:50  Roach  
  42  4:04  Roach  
  43  4:17  Zergling x2  
  44  6:12  Drone, Lair, Baneling, Overlord  
  44  6:15  Drone, Spore Crawler  
  44  6:17  Spore Crawler  
  44  6:18  Drone  
  44  6:19  Evolution Chamber  
  44  6:21  Drone  
  44  6:22  Zergling x2  
  44  6:23  Hatchery  
  44  6:24  Drone  
  46  6:27  Drone  
  46  6:31  Overlord  
  46  6:32  Zergling x2  
  48  6:41  Spine Crawler  
  48  6:43  Spine Crawler, Drone  
  47  6:47  Baneling  
  47  6:50  Zergling x2  
  46  7:00  Zergling x2  
  31  7:09  Queen  
  31  7:10  Zergling x2, Overseer x2  
  31  7:14  Spire  
  33  7:16  Hydralisk Den, Drone  
  33  7:17  Infestation Pit  
  33  7:19  Drone  
  33  7:36  Queen, Drone  
  36  7:38  Spore Crawler  
  36  7:39  Drone  
  36  7:41  Drone, Spore Crawler  
  36  7:44  Drone  
  36  7:50  Drone  
  38  7:54  Drone  
  38  7:56  Spore Crawler  
  38  7:57  Drone  
  39  8:00  Drone  
  39  8:03  Drone  
  41  8:06  Drone  
  41  8:09  Drone  
  41  8:12  Drone  
  44  8:15  Drone  
  44  8:18  Drone  
  46  8:21  Drone  
  46  8:24  Drone  
  48  8:27  Mutalisk, Drone  
  48  8:30  Spine Crawler, Drone  
  48  8:33  Drone  
  52  8:36  Drone  
  53  8:41  Mutalisk  
  53  8:42  Drone  
  53  8:45  Spine Crawler  
  53  8:47  Drone  
  56  8:51  Mutalisk  
  58  9:01  Mutalisk  
  60  9:11  Mutalisk  
  62  9:22  Mutalisk  
  64  9:27  Extractor  
  64  9:30  Extractor  
  62  9:38  Overseer  
  62  9:39  Overlord  
  62  9:49  Drone  
  64  9:52  Drone  
  64  9:55  Drone  
  64  9:58  Drone  
  66  10:56  Roach, Overlord, Pneumatized Carapace  
  68  10:59  Zerg Melee Weapons Level 1, Metabolic Boost, Zerg Ground Armor Level 1  
  68  11:01  Burrow  
  68  11:02  Hydralisk  
  70  11:09  Overseer  
  70  11:10  Roach  
  72  11:11  Hatchery  
  72  11:15  Overlord  
  72  11:17  Hydralisk  
  73  11:25  Roach  
  77  11:32  Roach  
  77  11:35  Overlord  
  77  11:39  Ravager, Hydralisk  
  63  11:40  Muscular Augments  
  63  11:41  Hive, Overseer  
  63  11:46  Hydralisk  
  63  11:54  Hydralisk  
  67  12:02  Roach  
  67  12:04  Overseer  
  69  12:09  Zergling x2  
  70  12:16  Roach, Ravager  
  73  12:25  Drone  
  73  12:26  Queen  
  73  12:28  Drone  
  77  12:31  Drone  
  77  12:34  Drone  
  77  12:36  Overlord  
  80  12:37  Extractor, Drone  
  80  12:39  Spore Crawler  
  80  12:40  Drone  
  80  12:42  Extractor, Spore Crawler  
  80  12:43  Drone  
  78  12:45  Drone  
  78  12:48  Drone  
  80  12:51  Drone  
  80  12:53  Zerg Missile Weapons Level 1  
  80  12:54  Drone  
  80  12:56  Ultralisk Cavern  
  80  12:57  Greater Spire, Drone  
  82  13:00  Drone  
  82  13:03  Drone  
  84  13:06  Drone  
  84  13:07  Spine Crawler  
  84  13:09  Drone  
  84  13:10  Spine Crawler  
  84  13:12  Drone  
  85  13:14  Drone  
  85  13:16  Overlord  
  85  13:17  Drone  
  87  14:11  Spire  
  87  14:13  Drone  
  87  14:26  Overlord  
  87  14:27  Zerg Melee Weapons Level 2, Ultralisk  
  93  14:37  Ultralisk  
  99  14:47  Zerg Ground Armor Level 2, Overlord, Ultralisk  
  99  14:57  Ultralisk  
  94  15:03  Overseer, Overlord x3  
  94  15:04  Overlord  
  86  15:16  Lair  
  86  15:21  Zergling x2  
  86  15:22  Overlord  
  87  15:30  Overseer  
  87  15:31  Hydralisk  
  89  15:41  Hydralisk  
  89  15:42  Overlord  
  91  15:45  Hatchery  
  90  15:51  Hydralisk  
  92  16:01  Hydralisk  
  94  16:12  Ultralisk  
  100  16:19  Zerg Flyer Weapons Level 1  
  100  16:28  Ultralisk  
  106  16:42  Zerg Missile Weapons Level 2  
  106  16:49  Zerg Flyer Armor Level 1  
  106  16:58  Queen, Drone  
  109  17:03  Zerg Melee Weapons Level 3  
  109  17:18  Extractor  
  109  17:19  Drone  
  109  17:20  Spore Crawler  
  109  17:22  Drone  
  109  17:24  Spore Crawler  
  109  17:25  Extractor, Drone  
  109  17:28  Drone  
  109  17:50  Spine Crawler  
  109  17:51  Drone  
  109  17:53  Spine Crawler  
  109  17:55  Drone  
  109  18:14  Zerg Flyer Weapons Level 2  
  109  18:43  Zerg Flyer Armor Level 2  
  109  18:48  Zergling x2  
  101  18:58  Hydralisk, Zerg Ground Armor Level 3  
  101  19:00  Overseer  
  101  19:01  Overlord  
  91  19:08  Hydralisk, Overseer  
  69  19:18  Hydralisk  
  69  19:21  Overlord  
  71  19:28  Hydralisk  
  73  19:39  Ultralisk  
  73  19:40  Zerg Missile Weapons Level 3  
  73  19:41  Overlord  
  79  19:49  Ultralisk  
  79  19:50  Overseer  
  85  19:59  Overlord  
  85  20:00  Ultralisk  
  91  20:13  Overseer  
  91  20:17  Overlord  
  91  20:36  Ultralisk, Overlord  
  97  20:46  Ultralisk  
  103  20:54  Overlord  
  103  20:56  Ultralisk  
  109  21:13  Overlord  
  109  21:43  Hatchery  
  108  22:57  Zergling x2, Drone  
  108  22:58  Queen  
  97  23:08  Hydralisk  
  97  23:11  Overseer  
  97  23:12  Overseer, Overlord  
  81  23:18  Hydralisk  
  71  23:30  Ultralisk  
  77  23:40  Hydralisk  
  79  23:50  Spore Crawler  
  79  23:51  Hydralisk  
  79  23:52  Drone  
  79  23:53  Spore Crawler  
  79  23:55  Extractor, Drone  
  80  23:57  Extractor  
  80  23:58  Drone  
  80  24:01  Drone  
  81  24:03  Ultralisk  
  87  24:14  Ultralisk  
  93  24:18  Spine Crawler  
  93  24:19  Drone  
  93  24:21  Spine Crawler  
  93  24:22  Drone  
  93  24:24  Ultralisk  
  99  24:35  Ultralisk  
  105  24:46  Ultralisk  
  111  25:24  Hatchery  
  110  26:37  Drone  
  110  26:38  Queen  
  113  26:43  Roach  
  113  26:46  Overlord  
  115  26:48  Roach  
  115  26:52  Roach  
  119  26:54  Extractor  
  119  26:55  Spore Crawler  
  119  26:57  Roach, Spore Crawler  
  119  26:58  Extractor  
  119  26:59  Drone  
  118  27:02  Roach  
  118  27:04  Overlord, Drone  
  118  27:06  Roach  
  118  27:07  Drone  
  124  27:10  Hydralisk, Drone  
  124  27:15  Hydralisk  
  129  27:19  Infestor  
  122  27:22  Spine Crawler  
  122  27:23  Hydralisk  
  122  27:24  Overlord  
  122  27:26  Spine Crawler, Drone  
  122  27:28  Hydralisk  
  122  27:29  Drone  
  126  27:33  Zergling x2  
  126  27:37  Hydralisk  
  115  27:41  Hydralisk  
  115  27:43  Overseer x2  
  95  27:46  Ravager  
  95  27:47  Roach, Ravager  
  99  27:52  Roach  
  99  27:56  Ravager  
  99  27:57  Roach  
  104  28:01  Roach, Ravager  
  107  30:04  Roach  
  107  30:06  Overlord  
  109  30:08  Roach  
  109  30:11  Roach  
  113  30:15  Roach  
  113  30:17  Drone  
  113  30:18  Roach  
  108  30:22  Roach  
  108  30:26  Roach  
  90  30:29  Roach  
  90  30:33  Roach  
  94  30:37  Roach  
  94  30:39  Roach  
  94  30:41  Zergling x2  
  97  30:45  Roach  
  97  30:48  Hydralisk, Overseer  
  95  30:50  Hatchery  
  95  30:51  Overseer, Overlord  
  95  30:52  Roach  
  95  30:55  Hydralisk  
  98  30:59  Hydralisk  
  98  31:03  Hydralisk  
  100  31:06  Hydralisk  
  100  31:10  Infestor  
  104  31:14  Hydralisk  
  106  31:19  Roach  
  106  31:22  Roach  
  110  31:26  Roach  
  110  31:30  Roach  
  108  32:23  Hatchery  
  107  33:32  Queen  
  107  33:35  Queen  
  107  33:36  Drone  
  107  33:38  Overlord, Ultralisk, Spore Crawler  
  111  33:42  Spore Crawler  
  111  33:44  Extractor  
  111  33:48  Ultralisk, Spore Crawler  
  112  33:50  Drone  
  112  33:52  Extractor  
  106  33:56  Overlord  
  106  33:57  Drone  
  106  33:58  Ultralisk  
  106  33:59  Drone  
  113  34:03  Drone  
  113  34:07  Drone  
  113  34:08  Ultralisk  
  120  34:12  Spine Crawler  
  120  34:13  Drone  
  120  34:14  Overlord  
  120  34:16  Drone  
  119  34:17  Spine Crawler  
  119  34:18  Ultralisk  
  119  34:19  Drone  
  119  34:22  Drone  
  111  34:25  Drone  
  111  34:28  Drone  
  111  34:29  Ultralisk  
  105  34:31  Drone  
  105  34:33  Overseer  
  105  34:34  Drone  
  105  34:37  Drone  
  105  34:38  Hydralisk  
  92  34:40  Drone  
  92  34:43  Drone  
  96  34:46  Drone  
  96  34:48  Hydralisk  
  96  34:49  Drone  
  101  34:52  Drone  
  101  34:55  Drone  
  101  34:59  Zergling x2, Drone  
  104  35:01  Drone  
  104  35:04  Drone  
  106  35:07  Drone  
  106  35:08  Hydralisk  
  106  35:10  Drone  
  106  35:13  Drone  
  111  35:16  Drone  
  111  35:18  Hydralisk  
  114  35:35  Hydralisk  
  107  35:46  Zergling x2  
  102  35:56  Spine Crawler  
  102  35:57  Ultralisk  
  103  35:59  Drone  
  103  36:00  Overseer  
  103  36:02  Drone  
  93  36:05  Drone  
  93  36:06  Drone  
  93  36:07  Spine Crawler, Ultralisk  
  93  36:09  Drone  
  100  36:12  Drone x2  
  100  36:15  Drone  
  100  36:18  Drone  
  102  36:25  Hydralisk  
  101  36:33  Hydralisk  
  98  36:41  Zergling x2  
  99  36:48  Roach  
  99  36:51  Hatchery  
  100  36:55  Mutalisk  
  102  37:04  Extractor  
  102  37:05  Drone  
  102  37:11  Extractor  
  102  37:14  Drone  
  102  37:23  Spore Crawler  
  102  37:25  Drone  
  102  37:28  Drone x2  
  103  37:31  Drone  
  103  37:34  Drone  
  100  37:55  Drone  
  100  37:58  Drone  
  90  38:01  Hydralisk, Drone  
  90  38:03  Drone  
  82  38:06  Drone  
  82  38:07  Ultralisk  
  82  38:10  Drone  
  82  38:11  Hydralisk, Overlord  
  82  38:13  Drone  
  82  38:16  Drone  
  82  38:18  Drone  
  82  38:19  Zergling x2  
  82  38:22  Drone  
  82  38:25  Drone  
  82  38:26  Roach  
  76  38:28  Drone  
  76  38:31  Drone  
  76  38:32  Ultralisk  
  76  38:33  Mutalisk  
  80  38:34  Drone  
  80  38:37  Drone  
  80  38:40  Drone  
  80  38:41  Zergling x2  
  81  38:44  Drone  
  81  38:47  Ultralisk, Drone  
  83  38:51  Hydralisk, Drone  
  83  38:53  Hatchery  
  83  38:54  Drone  
  86  38:57  Drone  
  86  39:00  Drone  
  86  39:02  Hydralisk, Hatchery  
  89  39:03  Drone  
  89  39:07  Drone  
  92  39:10  Drone  
  92  39:12  Drone  
  92  39:15  Drone  
  94  39:18  Drone  
  94  39:22  Hydralisk  
  94  39:23  Hatchery  
  96  39:26  Drone  
  96  39:29  Hydralisk  
  99  39:37  Zergling x2  
  100  39:42  Queen  
  100  39:45  Roach  
  100  39:47  Overlord  
  100  39:51  Mutalisk  
  100  39:52  Ultralisk  
  102  39:54  Hatchery  
  102  39:55  Drone  
  102  39:59  Zergling x2  
  91  40:07  Roach, Overlord  
  91  40:14  Mutalisk  
  83  40:22  Zergling x2  
  83  40:23  Overseer  
  83  40:25  Hatchery  
  83  40:27  Drone  
  82  40:28  Mutalisk  
  73  40:36  Hydralisk  
  75  40:43  Hydralisk  
  77  40:51  Roach  
  79  40:57  Mutalisk, Extractor  
  79  40:59  Drone  
  81  41:05  Zergling x2  
  82  41:13  Roach  
  84  41:19  Drone  
  84  41:20  Roach  
  84  41:22  Drone  
  84  41:25  Drone, Overlord  
  88  41:26  Mutalisk  
  88  41:29  Extractor  
  88  41:32  Drone  
  91  41:37  Ultralisk  
  91  41:39  Hydralisk  
  97  41:41  Viper, Hydralisk  
  97  41:43  Queen, Overlord  
  97  41:44  Ultralisk  
  97  41:45  Extractor  
  117  41:47  Drone, Ultralisk  
  117  41:50  Zergling x2  
  117  41:52  Zergling x2, Drone  
  121  41:54  Zergling x2  
  121  41:55  Drone, Spore Crawler  
  121  41:57  Zergling x2  
  121  41:58  Drone, Spore Crawler  
  121  41:59  Zergling x2, Extractor  
  123  42:02  Mutalisk  
  123  42:03  Overlord, Drone  
  123  42:04  Mutalisk  
  123  42:06  Drone  
  123  42:07  Mutalisk  
  125  42:09  Drone  
  125  42:10  Mutalisk  
  125  42:12  Mutalisk, Drone, Spore Crawler  
  125  42:15  Spore Crawler  
  129  42:16  Zergling x2, Baneling, Drone  
  129  42:19  Baneling, Drone  
  129  42:20  Zergling x2, Baneling  
  133  42:23  Baneling, Drone, Overlord  
  133  42:24  Baneling x2  
  133  42:25  Centrifical Hooks, Zergling x2  
  133  42:27  Spine Crawler, Drone  
  135  42:30  Spine Crawler  
  135  42:31  Drone  
  135  42:36  Queen  
  135  42:39  Mutalisk  
  135  42:41  Mutalisk  
  135  42:42  Spine Crawler  
  131  42:44  Drone  
  131  42:46  Spine Crawler  
  131  42:48  Drone  
  131  42:50  Mutalisk  
  131  42:51  Drone  
  123  43:01  Mutalisk  
  123  43:03  Mutalisk  
  114  43:06  Zergling x2  
  114  43:09  Zergling x2  
  109  43:13  Zergling x2  
  109  43:15  Zergling x2  
  97  43:52  Spore Crawler  
  92  43:56  Drone, Spore Crawler  
  92  43:58  Overseer  
  92  43:59  Overlord, Drone  
  92  44:01  Zergling x2  
  92  44:02  Drone  
  93  44:12  Hatchery  
  92  44:59  Roach  
  94  45:01  Overlord  
  94  45:03  Roach  
  94  45:07  Roach  
  98  45:10  Hydralisk  
  102  45:14  Roach  
  102  45:17  Roach  
  102  45:19  Overlord  
  103  45:21  Roach  
  103  45:25  Roach  
  95  45:28  Hydralisk  
  95  45:32  Hydralisk  
  95  45:34  Spine Crawler  
  91  45:36  Spine Crawler  
  91  45:37  Roach  
  91  45:41  Roach  
  81  45:44  Roach  
  81  45:48  Roach  
  85  45:52  Roach  
  85  45:54  Overlord x2  
  85  45:56  Roach  
  81  45:59  Roach  
  81  46:03  Roach  
  78  46:06  Hydralisk  
  78  46:07  Overseer  
  78  46:10  Hydralisk  
  82  46:13  Hydralisk  
  82  46:17  Infestor  
  86  46:22  Roach  
  86  46:25  Overseer  
  88  46:26  Zergling x2  
  89  48:31  Zergling x2  
  89  48:33  Zergling x2, Overlord  
  91  48:35  Mutalisk  
  91  48:38  Mutalisk  
  91  48:40  Zergling x2  
  96  48:43  Zergling x2  
  96  48:45  Zergling x2  
  96  48:47  Mutalisk  
  100  48:49  Mutalisk  
  100  48:52  Overlord  
  100  48:53  Zergling x2  
  100  48:55  Zergling x2  
  104  48:57  Zergling x2  
  104  49:00  Baneling x3  
  104  49:01  Zergling x2  
  104  49:03  Viper, Zergling x2  
  104  49:06  Zergling x2  
  104  49:07  Mutalisk  
  97  49:10  Mutalisk  
  97  49:12  Mutalisk  
  97  49:15  Mutalisk  
  78  49:18  Zergling x2  
  78  49:20  Zergling x2  
  78  49:21  Overseer  
  78  49:22  Baneling  
  78  49:23  Zergling x2  
  75  49:25  Zergling x2, Baneling x2  
  76  50:56  Queen  
  73  51:14  Mutalisk  
  73  51:17  Mutalisk  
  72  51:21  Zergling x2  
  72  51:23  Mutalisk  
  73  51:37  Spine Crawler  
  72  51:50  Mutalisk  
  67  52:01  Ultralisk, Drone  
  73  52:09  Spine Crawler  
  73  52:11  Hydralisk  
  71  52:21  Ultralisk  
Tags
 
Add a new tag
Caveats
  • Supply blocks, unpowered buildings, or Contaminate may cause inaccurate times.
  • Supply counts are checked every 10 seconds.